 Dungeon Crawl Stone Soup version 0.21-a0-401-g0b6bec4 (webtiles) character file.

55 Kavrick the Ruffian (level 3, 0/33 HPs)
             Began as a Hill Orc Monk on Oct 21, 2017.
             Slain by an orc (3 damage)
             ... on level 4 of the Dungeon.
             The game lasted 00:02:37 (1756 turns).

Kavrick the Ruffian (Hill Orc Monk)                 Turns: 1756, Time: 00:02:37

Health: 0/33       AC:  2    Str: 14    XL:     3   Next: 93%
Magic:  3/3        EV: 13    Int: 10    God:
Gold:   167        SH:  0    Dex: 13    Spells: 2/2 levels left

rFire    . . .     SeeInvis .     - Unarmed
rCold    . . .     Gourm    .   (no shield)
rNeg     . . .     Faith    .   a - +0 robe
rPois    .         Spirit   .   (no helmet)
rElec    .         Reflect  .   (no cloak)
rCorr    .         Harm     .   (no gloves)
MR       .....                  (no boots)
Stlth    ++........             (no amulet)
HPRegen  0.11/turn              (no ring)
MPRegen  0.08/turn              (no ring)

@: no status effects
A: no striking features
a: no special abilities


You were on level 4 of the Dungeon.
You were near starving.

You visited 1 branch of the dungeon, and saw 4 of its levels.

You collected 167 gold pieces.

Inventory:

Armour
 a - a +0 robe (worn)
 i - a +0 chain mail
Scrolls
 c - a scroll of remove curse {unknown}
 e - 3 scrolls of identify {unknown}
 f - a scroll of amnesia {unknown}
 k - a scroll of blinking {unknown}
 n - a scroll of teleportation {unknown}
 o - a scroll of recharging {unknown}
 r - a scroll of enchant armour {unknown}
Potions
 d - a potion of haste
 h - 2 potions of curing {unknown}
 j - a potion of lignification {unknown}
 m - a potion of might {unknown}
 p - a potion of magic {unknown}
 q - a potion of agility {unknown}
Comestibles
 b - 2 bread rations
 l - 2 meat rations


   Skills:
 + Level 4.1 Fighting
 + Level 1.3 Armour
 + Level 2.7 Dodging
 - Level 1.5 Stealth
 * Level 4.2 Unarmed Combat


You had 2 spell levels left.
You didn't know any spells.

Dungeon Overview and Level Annotations

Branches:
Dungeon (5/15)
 Temple: D:4-7

Altars:
Elyvilon

Annotations:
D:2 Robin


Message History

You barely miss the phantom.
The phantom is lightly damaged.
The orc wizard casts a spell.
The orc wizard blinks!
The phantom hits you.
* * * LOW HITPOINT WARNING * * *
The phantom blinks!
The phantom blinks!
The sky beast flickers out of sight!
Deactivating autopickup; reactivate with Ctrl-A.
The orc wizard casts a spell.
The orc wizard blinks!
You closely miss the orc wizard. The orc wizard hits you with a dagger.
* * * LOW HITPOINT WARNING * * *
The orc wizard misses you. The orc wizard closely misses you.
A sky beast appears from thin air!
Reactivating autopickup.
The orc wizard casts a spell.
The orc wizard seems to speed up.
The orc hits you.
You die...

######## #......# #.##!.!##
#.#8...8# #.##...## #.##...#
#######.##@..##
#######.......#8o..8#
........########Y..##
.########8###8##.o.#
...####....o.ยง.....##
#.....#............8#
#).##..............##
#..###.##8###8###8##########
#..#....### #########......#


You could see a sky beast, an orc wizard and an orc.

Vanquished Creatures
  A hound skeleton (D:4)
  A worm (D:4)
  3 dart slugs
  An orc (D:4)
  A giant cockroach (D:2)
  8 goblins
  3 hobgoblins (D:1)
  3 jackals (D:1)
  A quokka (D:2)
  4 bats
  2 frilled lizards (D:1)
  A kobold (D:2)
  3 rats
32 creatures vanquished.

Notes
Turn   | Place    | Note
-------+----------+-------------------------------------------
     0 | D:1      | Kavrick the Hill Orc Monk began the quest for the Orb.
     0 | D:1      | Reached XP level 1. HP: 19/19 MP: 1/1
   186 | D:1      | Reached XP level 2. HP: 27/27 MP: 2/2
   939 | D:2      | Reached skill level 1 in Armour
   973 | D:2      | Found a white marble altar of Elyvilon.
  1003 | D:2      | Reached XP level 3. HP: 22/33 MP: 3/3
  1159 | D:2      | Noticed Robin
  1180 | D:2      | You fall through a shaft for 2 floors!
  1203 | D:4      | Noticed a phantom
  1365 | D:5      | Entered Level 5 of the Dungeon
  1729 | D:4      | Noticed a sky beast
  1756 | D:4      | Slain by an orc

Vault maps used:
D:1:      dpeg_arrival_rhombus, dk_noncrumbling_2
D:2:      lemuel_crystal_altar, nicolae_overflow_crystal_walls,
          minmay_tromino_v4_a, uniq_robin
D:4:      kennysheep_little_box, serial_corexii_hall, corexii_hall_statues_l,
          corexii_hall_statues_x
D:5:      minmay_temple_entry_hall, serial_shops, kennysheep_mini, first_bread

Skill      XL: |  1  2  3 |
---------------+----------+-----
Armour         | 1 |  1.3
Fighting       | 4 |  4.1
Unarmed Combat | 4 |  4.2
Dodging        | |  2.7
Stealth        | |  1.5

Action                   || total
-------------------------++-------
Melee: Unarmed           ||   127
       Punch             ||     1
 Stab: Sleeping          ||     2
  Eat: Chunk             ||     1
Armor: Robe              ||    32
Dodge: Dodged            ||    87

Table legend:
 A = Spawn XP
 B = Non-spawn XP
 C = Spawn XP percentage of total XP
 D = Spawn monster count
 E = Non-spawn monster count
 F = Spawn count percentage of total count
 G = Total turns spent on level
                    A         B        C        D         E        F      G
               +---------+---------+-------+---------+---------+-------+---------
         Total |       0 |      79 |   0.0 |       0 |      32 |   0.0 |  1756
               +---------+---------+-------+---------+---------+-------+---------
           D:1 |       0 |      30 |   0.0 |       0 |      16 |   0.0 |   933
           D:2 |       0 |      23 |   0.0 |       0 |      13 |   0.0 |   247
           D:4 |       0 |      26 |   0.0 |       0 |       3 |   0.0 |   262
               +---------+---------+-------+---------+---------+-------+---------
